NCAA
MISSOURI TIGERS @ MIAMI HURRICANES
05/02/2024
 
TOP OF THE 1ST
Missouri Tigers batting - Pitching for Miami Hurricanes : RHP John Harvey
Pitching: RHP John Harvey
Batting: LHB Neil Rodríguez 0-0: Foul Ball, location: 2F
0-1: Foul Ball, location: 2F
0-2: Ball
1-2: Foul Ball, location: 2F
1-2: Strikes out looking
Batting: LHB Jim Wallace 0-0: Ball
1-0: Foul Ball, location: 2F
1-1: Ball
2-1: Foul Ball, location: 2F
2-2: Ground out 1-3 (Groundball, 25)
Batting: RHB José González 0-0: Ball
1-0: Called Strike
1-1: Called Strike
1-2: Fly out, F9 (Line Drive, 9M)
Top of the 1st over - 0 run(s), 0 hit(s), 0 error(s), 0 left on base; Missouri 0 - Miami 0
BOTTOM OF THE 1ST
Miami Hurricanes batting - Pitching for Missouri Tigers : RHP Bernie Ryan
Pitching: RHP Bernie Ryan
Batting: SHB Douglas Taylor 0-0: Fly out, F7 (Flyball, 78M)
Batting: RHB Jim McKinney 0-0: Swinging Strike
0-1: Ball
1-1: SINGLE (Groundball, 34D)
Batting: RHB Ken MacDonald 0-0: Swinging Strike
0-1: Ball
1-1: Foul Ball, location: 2F
1-2: Strikes out looking
Batting: SHB Will Davis 0-0: Called Strike
0-1: Swinging Strike
0-2: Strikes out swinging
Bottom of the 1st over - 0 run(s), 1 hit(s), 0 error(s), 1 left on base; Missouri 0 - Miami 0
TOP OF THE 2ND
Missouri Tigers batting - Pitching for Miami Hurricanes : RHP John Harvey
Batting: RHB George Mitchell 0-0: Swinging Strike
0-1: Swinging Strike
0-2: Ball
1-2: Strikes out looking
Batting: SHB Eric Pimentel 0-0: Ball
1-0: Fly out, F4 (Popup, 13)
Batting: RHB Bobby Murdock 0-0: Foul Ball, location: 2F
0-1: Foul Ball, location: 2F
0-2: Ball
1-2: Ball
2-2: Strikes out looking
Top of the 2nd over - 0 run(s), 0 hit(s), 0 error(s), 0 left on base; Missouri 0 - Miami 0
BOTTOM OF THE 2ND
Miami Hurricanes batting - Pitching for Missouri Tigers : RHP Bernie Ryan
Batting: RHB Nick Watts 0-0: Ball
1-0: Ball
2-0: Ball
3-0: Called Strike
3-1: Swinging Strike
3-2: Foul Ball, location: 2F
3-2: Foul Ball, location: 2F
3-2: Foul Ball, location: 2F
3-2: Foul Ball, location: 2F
3-2: Foul Ball, location: 2F
3-2: Base on Balls
Batting: RHB Gilbert Forbes 0-0: Swinging Strike
0-1: Foul Ball, location: 2F
0-2: Strikes out swinging
Batting: RHB John Harvey Pickoff Throw to First - Out!
0-0: Called Strike
0-1: Swinging Strike
0-2: Ground out 5-3 (Groundball, 56)
Bottom of the 2nd over - 0 run(s), 0 hit(s), 0 error(s), 0 left on base; Missouri 0 - Miami 0
TOP OF THE 3RD
Missouri Tigers batting - Pitching for Miami Hurricanes : RHP John Harvey
Batting: RHB Rob Smith 0-0: SINGLE (Line Drive, 8RS)
Batting: RHB Wilford Shaw 0-0: Ball
1-0: Ball
2-0: Ball
3-0: Base on Balls
Rob Smith to second
Batting: RHB Ken Uttley 0-0: Called Strike
0-1: Swinging Strike
0-2: Foul Ball, location: 2F
0-2: Strikes out swinging
Batting: LHB Neil Rodríguez 0-0: Ball
1-0: Ball
2-0: Foul Ball, location: 2F
2-1: Ball
3-1: Foul Ball, location: 2F
3-2: Base on Balls
Rob Smith to third
Wilford Shaw to second
Batting: LHB Jim Wallace 0-0: Ball
1-0: Ball
2-0: Foul Ball, location: 2F
2-1: Ball
3-1: Foul Ball, location: 2F
3-2: Base on Balls
Rob Smith scores
Wilford Shaw to third
Neil Rodríguez to second
Batting: RHB José González 0-0: Ground out 4-3 (Groundball, 4M)
Wilford Shaw scores
Neil Rodríguez to third
Jim Wallace to second
Batting: RHB George Mitchell 0-0: Ball
1-0: Fly out, F9 (Flyball, 89M)
Top of the 3rd over - 2 run(s), 1 hit(s), 0 error(s), 2 left on base; Missouri 2 - Miami 0
BOTTOM OF THE 3RD
Miami Hurricanes batting - Pitching for Missouri Tigers : RHP Bernie Ryan
Batting: SHB Steve Lynch 0-0: Ball
1-0: Called Strike
1-1: Called Strike
1-2: Ball
2-2: Ground out 4-3 (Groundball, 4)
Batting: RHB Sean King 0-0: Ball
1-0: Ball
2-0: Ball
3-0: Called Strike
3-1: Called Strike
3-2: Strikes out swinging
Batting: SHB Douglas Taylor 0-0: Ball
1-0: Foul Ball, location: 2F
1-1: Swinging Strike
1-2: Ball
2-2: Ball
3-2: Strikes out swinging
Bottom of the 3rd over - 0 run(s), 0 hit(s), 0 error(s), 0 left on base; Missouri 2 - Miami 0
TOP OF THE 4TH
Missouri Tigers batting - Pitching for Miami Hurricanes : RHP John Harvey
Batting: SHB Eric Pimentel 0-0: Foul Ball, location: 2F
0-1: Foul Ball, location: 2F
0-2: Ball
1-2: Strikes out looking
Batting: RHB Bobby Murdock 0-0: Ball
1-0: Ball
2-0: Ball
3-0: Base on Balls
Batting: RHB Rob Smith 0-0: Called Strike
0-1: Ground out 3-1 (Groundball, 34)
Bobby Murdock to second
Batting: RHB Wilford Shaw 0-0: Ball
1-0: Swinging Strike
1-1: Ball
2-1: Swinging Strike
2-2: Foul Ball, location: 2F
2-2: Ball
3-2: Strikes out looking
Top of the 4th over - 0 run(s), 0 hit(s), 0 error(s), 1 left on base; Missouri 2 - Miami 0
BOTTOM OF THE 4TH
Miami Hurricanes batting - Pitching for Missouri Tigers : RHP Bernie Ryan
Batting: RHB Jim McKinney 0-0: Reached on error, E5 (Groundball, 5)
Batting: RHB Ken MacDonald 0-0: Called Strike
0-1: Ball
1-1: Grounds into double play, 6-4-3 (Groundball, 6)
Batting: SHB Will Davis 0-0: Swinging Strike
0-1: Foul Ball, location: 2F
0-2: Strikes out swinging
Bottom of the 4th over - 0 run(s), 0 hit(s), 1 error(s), 0 left on base; Missouri 2 - Miami 0
TOP OF THE 5TH
Missouri Tigers batting - Pitching for Miami Hurricanes : RHP John Harvey
Batting: RHB Ken Uttley 0-0: Ball
1-0: Ball
2-0: Called Strike
2-1: Called Strike
2-2: Foul Ball, location: 2F
2-2: Strikes out looking
Batting: LHB Neil Rodríguez 0-0: Ball
1-0: Swinging Strike
1-1: Ball
2-1: Called Strike
2-2: Fly out, F7 (Flyball, 78M)
Batting: LHB Jim Wallace 0-0: Called Strike
0-1: Ball
1-1: Fly out, F7 (Line Drive, 78M)
Top of the 5th over - 0 run(s), 0 hit(s), 0 error(s), 0 left on base; Missouri 2 - Miami 0
BOTTOM OF THE 5TH
Miami Hurricanes batting - Pitching for Missouri Tigers : RHP Bernie Ryan
Batting: RHB Nick Watts 0-0: Ball
1-0: Ball
2-0: Called Strike
2-1: Ground out 6-3 (Groundball, 6)
Batting: RHB Gilbert Forbes 0-0: Foul Ball, location: 2F
0-1: Called Strike
0-2: Strikes out looking
Batting: RHB John Harvey 0-0: Ground out 4-3 (Groundball, 4)
Bottom of the 5th over - 0 run(s), 0 hit(s), 0 error(s), 0 left on base; Missouri 2 - Miami 0
TOP OF THE 6TH
Missouri Tigers batting - Pitching for Miami Hurricanes : RHP John Harvey
Pitching: RHP Jesús Madrid
Batting: RHB José González 0-0: Ball
1-0: Ball
2-0: Fly out, F7 (Line Drive, 7M)
Batting: RHB George Mitchell 0-0: Called Strike
0-1: Ball
1-1: Called Strike
1-2: Strikes out swinging
Batting: SHB Eric Pimentel 0-0: Called Strike
0-1: Foul Ball, location: 2F
0-2: Ball
1-2: Strikes out swinging
Top of the 6th over - 0 run(s), 0 hit(s), 0 error(s), 0 left on base; Missouri 2 - Miami 0
BOTTOM OF THE 6TH
Miami Hurricanes batting - Pitching for Missouri Tigers : RHP Bernie Ryan
Batting: SHB Steve Lynch 0-0: SINGLE (Groundball, 34D)
Batting: RHB Sean King 0-0: Grounds into double play, 6-4-3 (Groundball, 6)
Batting: SHB Douglas Taylor 0-0: Ball
1-0: Ball
2-0: Ball
3-0: Called Strike
3-1: Foul Ball, location: 2F
3-2: Base on Balls
Batting: RHB Jim McKinney 0-0: Called Strike
0-1: Ball
1-1: Ball
2-1: Ball
3-1: Called Strike
3-2: Strikes out swinging
Bottom of the 6th over - 0 run(s), 1 hit(s), 0 error(s), 1 left on base; Missouri 2 - Miami 0
TOP OF THE 7TH
Missouri Tigers batting - Pitching for Miami Hurricanes : RHP Jesús Madrid
Batting: RHB Bobby Murdock 0-0: Ball
1-0: Ground out U3 (Groundball, 3F)
Batting: RHB Rob Smith 0-0: Fly out, F7 (Flyball, 7S)
Batting: RHB Wilford Shaw 0-0: Ball
1-0: Ball
2-0: Ball
3-0: Called Strike
3-1: Foul Ball, location: 2F
3-2: Ground out 5-3 (Groundball, 5S)
Top of the 7th over - 0 run(s), 0 hit(s), 0 error(s), 0 left on base; Missouri 2 - Miami 0
BOTTOM OF THE 7TH
Miami Hurricanes batting - Pitching for Missouri Tigers : RHP Bernie Ryan
Batting: RHB Ken MacDonald 0-0: Called Strike
0-1: Swinging Strike
0-2: Ground out 3-1 (Groundball, 34)
Batting: SHB Will Davis 0-0: Ball
1-0: Ball
2-0: Called Strike
2-1: Ball
3-1: Called Strike
3-2: DOUBLE (Line Drive, 8RD)
Pitching: RHP Johnny Jones
Batting: RHB Nick Watts 0-0: Called Strike
0-1: Foul Ball, location: 2F
0-2: Fly out, F9 (Line Drive, 9LM)
Batting: RHB Gilbert Forbes 0-0: Ball
1-0: Called Strike
1-1: Foul Ball, location: 2F
1-2: Foul Ball, location: 2F
1-2: Ball
2-2: Ball
3-2: Base on Balls
Batting: RHB John Harvey 0-0: Ball
1-0: Ball
2-0: Fly out, F6 (Popup, 6)
Bottom of the 7th over - 0 run(s), 1 hit(s), 0 error(s), 2 left on base; Missouri 2 - Miami 0
TOP OF THE 8TH
Missouri Tigers batting - Pitching for Miami Hurricanes : RHP Jesús Madrid
Pitching: RHP Lucas Gregory
Batting: RHB Ken Uttley 0-0: Ball
1-0: Ball
2-0: SINGLE (Line Drive, 78S)
Batting: LHB Neil Rodríguez 0-0: Called Strike
0-1: Foul Ball, location: 2F
0-2: Ball
1-2: SINGLE (Groundball, 56) (infield hit)
Ken Uttley to second
Batting: LHB Jim Wallace 0-0: Ball
1-0: Foul Ball, location: 2F
1-1: Ball
2-1: Foul Ball, location: 2F
2-2: Foul Ball, location: 2F
2-2: Ball
Wild Pitch!
Ken Uttley to third
Neil Rodríguez to second
3-2: Foul Ball, location: 2F
3-2: SINGLE (Groundball, 25) (infield hit)
Batting: RHB José González 0-0: Ball
1-0: Ball
2-0: Called Strike
2-1: Reached on Error, E8 (Flyball, 8RM)
Ken Uttley scores
Neil Rodríguez to third
Jim Wallace to second
Batting: RHB George Mitchell 0-0: Called Strike
0-1: Called Strike
0-2: Strikes out swinging
Batting: SHB Eric Pimentel 0-0: Fly out, F8 (Flyball, 8LXD)
Runner from 3rd tags up, SCORES, no throw
Batting: RHB Bobby Murdock 0-0: Ball
1-0: Ball
2-0: Foul Ball, location: 2F
2-1: Foul Ball, location: 2F
2-2: 3-RUN HOME RUN (Flyball, 78XD), Distance : 375 ft
Batting: RHB Rob Smith 0-0: Ball
1-0: Ball
2-0: DOUBLE (Line Drive, 5L)
Pitching: RHP Dusty Webb
Batting: RHB Wilford Shaw 0-0: Called Strike
0-1: Ball
1-1: Ball
2-1: Called Strike
2-2: Strikes out swinging
Top of the 8th over - 5 run(s), 5 hit(s), 1 error(s), 1 left on base; Missouri 7 - Miami 0
BOTTOM OF THE 8TH
Miami Hurricanes batting - Pitching for Missouri Tigers : RHP Johnny Jones
Now in RF: Hoyt Norris
Batting: SHB Steve Lynch 0-0: Called Strike
0-1: Called Strike
0-2: Foul Ball, location: 2F
0-2: Ball
1-2: Ball
2-2: Foul Ball, location: 2F
2-2: Ground out 4-3 (Groundball, 4)
Batting: RHB Sean King 0-0: Swinging Strike
0-1: Ball
1-1: Fly out, F8 (Flyball, 8LD)
Batting: SHB Douglas Taylor 0-0: Foul Ball, location: 2F
0-1: Ball
1-1: Ball
2-1: Ball
3-1: Called Strike
3-2: Base on Balls
Batting: RHB Jim McKinney 0-0: Called Strike
0-1: Ball
1-1: Fly out, F4 (Popup, 4MD)
Bottom of the 8th over - 0 run(s), 0 hit(s), 0 error(s), 1 left on base; Missouri 7 - Miami 0
TOP OF THE 9TH
Missouri Tigers batting - Pitching for Miami Hurricanes : RHP Dusty Webb
Batting: RHB Ken Uttley 0-0: Called Strike
0-1: Ball
1-1: Fly out, F5 (Popup, 56)
Batting: LHB Neil Rodríguez 0-0: Called Strike
0-1: Ball
1-1: SINGLE (Line Drive, 7S)
Batting: LHB Jim Wallace 0-0: Called Strike
0-1: Ball
1-1: Fly out, F8 (Popup, 8LS)
Batting: RHB José González 0-0: Ball
Neil Rodríguez steals 2nd base
1-0: Foul Ball, location: 2F
1-1: Ball
2-1: Ball
3-1: Foul Ball, location: 2F
3-2: Ground out 6-3 (Groundball, 56)
Top of the 9th over - 0 run(s), 1 hit(s), 0 error(s), 1 left on base; Missouri 7 - Miami 0
BOTTOM OF THE 9TH
Miami Hurricanes batting - Pitching for Missouri Tigers : RHP Johnny Jones
Now at 2B: Nick Webber
Batting: RHB Ken MacDonald 0-0: Ball
1-0: SINGLE (Flyball, 9LS)
Pitching: RHP J.R. Wood
Batting: SHB Will Davis 0-0: Ball
1-0: Ball
2-0: Ball
3-0: Called Strike
3-1: Ground out 5-3 (Groundball, 56S)
Ken MacDonald to second
Batting: RHB Nick Watts 0-0: Ball
1-0: Swinging Strike
1-1: Foul Ball, location: 2F
1-2: Ball
2-2: Foul Ball, location: 2F
2-2: Strikes out swinging
Batting: RHB Gilbert Forbes 0-0: Ball
1-0: Ball
2-0: Called Strike
2-1: Foul Ball, location: 2F
2-2: Ball
3-2: SINGLE (Groundball, 6MD) (infield hit)
Ken MacDonald to third
Pinch Runner at 1st Dwight Henderson:
Batting: RHB John Harvey 0-0: Called Strike
0-1: Foul Ball, location: 2F
0-2: Ground out 6-3 (Groundball, 6)
Bottom of the 9th over - 0 run(s), 2 hit(s), 0 error(s), 2 left on base; Missouri 7 - Miami 0
This league is powered by Out of the Park Baseball, the baseball management simulation game for PC, Mac and Linux
Saturday, April 9th, 2016 - OOTP Baseball 16.8 Build 38